 Dungeon Crawl Stone Soup version 0.20.1 (console) character file.

306 bli the Skirmisher (level 6, -2/49 HPs)
             Began as a Barachi Fighter on July 2, 2017.
             Was a Believer of Uskayaw.
             Slain by a phantom (8 damage)
             ... on level 4 of the Dungeon.
             The game lasted 00:15:46 (3377 turns).

bli the Skirmisher (Barachi Fighter)                Turns: 3377, Time: 00:15:47

Health: -2/49      AC:  2    Str: 18    XL:     6   Next: 39%
Magic:  6/6        EV: 10    Int:  8    God:    Uskayaw [**....]
Gold:   177        SH:  9    Dex: 13    Spells: 5/5 levels left

rFire    . . .     SeeInvis +   a - +0 long sword
rCold    . . .     Gourm    +   c - +0 shield
rNeg     . . .     Faith    .   y - +0 robe (curse)
rPois    .         Spirit   .   (no helmet)
rElec    .         Reflect  .   (no cloak)
rCorr    .         Harm     .   (no gloves)
MR       .....                  x - -1 pair of boots (curse)
Stlth    +.........             i - amulet of the gourmand
Regen    0.2/turn               o - ring of flight
MPRegen  0.1/turn               v - ring of see invisible

@: slow
A: +LOS, swims, slowness 1, strong legs 1
a: Hop, Stomp, Line Pass, Renounce Religion, Evoke Flight


You were on level 4 of the Dungeon.
You worshipped Uskayaw.
Uskayaw was noncommittal.
You were very full.

You visited 1 branch of the dungeon, and saw 6 of its levels.

You collected 177 gold pieces.

Inventory:

Hand Weapons
 a - a +0 long sword (weapon)
 b - a +1 dagger of venom
 D - a +0 falchion
Missiles
 p - 140 stones (quivered)
Armour
 c - a +0 shield (worn)
 g - a +0 scale mail
 k - a +0 ring mail
 x - a cursed -1 pair of boots (worn)
 y - a cursed +0 robe (worn)
 F - a +0 leather armour
 G - a +0 chain mail
Jewellery
 i - an amulet of the gourmand (around neck)
 o - a ring of flight (left hand)
 v - a ring of see invisible (right hand)
 I - a +2 ring of protection {unknown}
Scrolls
 h - 5 scrolls of remove curse {unknown}
 j - 2 scrolls of identify {unknown}
 l - 2 scrolls of recharging {unknown}
 q - 3 scrolls of immolation {unknown}
 r - a scroll of teleportation {unknown}
 A - 2 scrolls of blinking {unknown}
 B - 2 scrolls of enchant weapon {unknown}
 H - a scroll of fear {unknown}
Potions
 d - a potion of might
 e - a potion of agility {unknown}
 m - a potion of berserk rage {unknown}
 n - 2 potions of degeneration {unknown}
 t - a potion of lignification {unknown}
 u - a potion of haste {unknown}
 w - a potion of cancellation {unknown}
 z - a potion of curing {unknown}
Comestibles
 f - 2 bread rations
 s - a royal jelly
 C - a meat ration


   Skills:
 * Level 4.7 Fighting
 + Level 0.9(2.6) Short Blades
 + Level 4.3(4.4) Long Blades
 + Level 4.4 Armour
 + Level 2.4 Dodging
 + Level 0.6 Stealth
 + Level 4.7 Shields


You had 5 spell levels left.
You didn't know any spells.

Dungeon Overview and Level Annotations

Branches:
Dungeon (6/15)
 Temple: D:4-7

Altars:
Trog
Uskayaw


Innate Abilities, Weirdness & Mutations

Shadows flee at your approach. (+LOS)
You can swim through water.
You cover ground slowly.
You can hop short distances.


Message History

The phantom hits you. You block the phantom's attack.
You hit the phantom.
The phantom is heavily damaged.
The phantom hits you.
You closely miss the phantom.
The phantom is heavily damaged.
The hound skeleton bites you. You block the phantom's attack.
The hound skeleton bites you.
* * * LOW HITPOINT WARNING * * *
You hit the hound skeleton.
The hound skeleton is lightly damaged.
The phantom barely misses you.
The hound skeleton bites you but does no damage.
You slash the hound skeleton!
The hound skeleton is heavily damaged.
The hound skeleton bites you.
* * * LOW HITPOINT WARNING * * *
The phantom hits you!
* * * LOW HITPOINT WARNING * * *
You block the hound skeleton's attack. The phantom hits you!
You die...

..............
..............
.........................
.............)...........
.........................
.........................
.≈≈########......(.......
≈≈≈≈≈≈..≈.##............#
#≈.≈≈≈≈≈≈≈≈#......)....#
#########..#.....Z....#
.##≈≈≈≈≈≈..#....@W$..#
##≈≈..†≈≈≈##........###
#..≈≈≈†≈≈##.............
#..#########.............
#≈≈≈≈≈≈≈≈≈≈#.............
##≈≈≈≈..≈.≈..............
.#########...............
..........########.......
........#. #..####
......# #. #.# ....# ##
.#


You could see a phantom and a hound skeleton.

Vanquished Creatures
  A crimson imp (D:4)
  A centaur zombie (D:3)
  A worker ant (D:4)
  A killer bee zombie (D:5)
  8 adders
  2 oozes (D:3)
  2 adder skeletons (D:4)
  2 worms
  4 dart slugs
  8 leopard geckos
  7 orcs
  7 bats
  3 giant cockroaches
  5 goblins
  6 hobgoblins
  8 jackals
  4 kobolds
  2 quokkas (D:2)
  2 ball pythons
  5 frilled lizards
  A leopard gecko skeleton (D:4)
  6 rats
86 creatures vanquished.

Notes
Turn   | Place    | Note
-------+----------+-------------------------------------------
     0 | D:1      | bli the Barachi Fighter began the quest for the Orb.
     0 | D:1      | Reached XP level 1. HP: 18/18 MP: 1/1
    75 | D:1      | Reached XP level 2. HP: 25/25 MP: 2/2
   796 | D:1      | Reached XP level 3. HP: 29/30 MP: 3/3
   870 | D:2      | Reached skill level 1 in Dodging
  1479 | D:2      | Reached XP level 4. HP: 32/37 MP: 4/4
  2374 | D:3      | Reached XP level 5. HP: 34/42 MP: 5/5
  2521 | D:3      | Found a hide-covered altar of Uskayaw.
  2535 | D:3      | Became a worshipper of Uskayaw the Reveler
  2683 | D:4      | Reached * piety under Uskayaw
  2719 | D:4      | You fall through a shaft for 2 floors!
  2727 | D:6      | Found a bloodstained altar of Trog.
  2819 | D:5      | Entered Level 5 of the Dungeon
  2825 | D:5      | Reached XP level 6. HP: 21/49 MP: 6/6
  3198 | D:4      | Reached ** piety under Uskayaw
  3316 | D:4      | Found a glowing drain.
  3361 | D:4      | Noticed a phantom
  3377 | D:4      | Slain by a phantom

Skill      XL: |  1  2  3  4  5 |
---------------+----------------+-----
Fighting       | 4 |  4.7
Dodging        | 1 2 |  2.4
Long Blades    | 3 4 |  4.3
Armour         | 4 |  4.4
Shields        | 4 |  4.7
Short Blades   | |  0.9
Stealth        | |  0.6

Action                   |  1- 3 |  4- 6 || total
-------------------------+-------+-------++-------
Melee: Long sword        |   113 |   166 ||   279
       Dagger            |     8 |    81 ||    89
  Eat: Chunk             |    15 |     7 ||    22
Armor: Scale mail        |    13 |       ||    13
       Ring mail         |    61 |    29 ||    90
       Robe              |       |    23 ||    23
Dodge: Dodged            |    52 |   103 ||   155
Block: Shield            |    62 |   157 ||   219
       Rpst.: Long sword |    17 |    17 ||    34
